 Dungeon Crawl Stone Soup version 0.23-a0-344-ge122d05 (webtiles) character file.

7340 FrankyJ the Nimble (level 10, -3/78 HPs)
             Began as a Pale Draconian Fire Elementalist on Oct 17, 2018.
             Was a Follower of Vehumet.
             Slain by a death yak (18 damage)
             ... on level 9 of the Dungeon on Oct 21, 2018.
             The game lasted 00:54:17 (14092 turns).

FrankyJ the Nimble (DrFE)                          Turns: 14092, Time: 00:54:17

Health: -3/78      AC: 12    Str: 13    XL:     10   Next: 91%
Magic:  0/17       EV: 19    Int: 18    God:    Vehumet [*.....]
Gold:   608        SH:  0    Dex: 12    Spells: 0/19 levels left

rFire    . . .     SeeInvis .   h - +2 dagger (vamp)
rCold    . . .     Gourm    .   (no shield)
rNeg     . . .     Faith    .   (armour unavailable)
rPois    .         Spirit   .   (helmet restricted)
rElec    .         Reflect  .   (no cloak)
rCorr    .         Harm     .   (no gloves)
MR       .....     Clarity  +   x - +0 pair of boots
Stlth    ++........             (no amulet)
HPRegen  0.23/turn              d - ring of wizardry
MPRegen  0.15/turn              l - +3 ring of protection

@: about to teleport, very slightly contaminated
A: breathe steam, unfitting armour, clarity, clever 1, shaggy fur 1,
cold-blooded, AC +7
a: Breathe Steam, Renounce Religion


You were on level 9 of the Dungeon.
You worshipped Vehumet.
Vehumet was aware of your devotion.
You were very hungry.

You visited 2 branches of the dungeon, and saw 11 of its levels.

You collected 608 gold pieces.

Inventory:

Hand Weapons
 h - a +2 vampiric dagger (weapon)
 p - a +0 trident
 t - a +1 dagger of venom
 y - a +3 short sword
Missiles
 a - 5 javelins (quivered)
 j - 5 poisoned tomahawks
 u - 8 tomahawks
 v - 2 throwing nets
Armour
 x - a +0 pair of boots (worn)
 C - a +0 robe
Jewellery
 c - an uncursed ring of see invisible
 d - a ring of wizardry (left hand)
 l - a +3 ring of protection (right hand)
 F - an uncursed ring of wizardry
Wands
 s - a wand of enslavement (9)
 z - a wand of paralysis (14)
Scrolls
 g - 8 scrolls of identify
 k - 3 scrolls of remove curse
 q - a scroll of acquirement {unknown}
 w - 2 scrolls of blinking {unknown}
 A - a scroll of magic mapping
 E - 2 scrolls of enchant armour {unknown}
 H - a scroll of fog {unknown}
Potions
 e - 2 potions of invisibility {unknown}
 f - a potion of haste {unknown}
 i - a potion of cancellation {unknown}
 m - 3 potions of agility {unknown}
 n - a potion of heal wounds {unknown}
 o - a potion of berserk rage
 r - a potion of ambrosia {unknown}
 B - 2 potions of mutation
 D - a potion of might {unknown}
Comestibles
 b - 10 rations
 G - 2 chunks of flesh


   Skills:
 - Level 4.0 Fighting
 + Level 11.8 Dodging
 - Level 2.0 Stealth
 - Level 5.0 Spellcasting
 - Level 3.0 Conjurations
 + Level 1.9 Hexes
 - Level 9.0 Fire Magic


You couldn't memorise any spells.
You knew the following spells:

 Your Spells              Type           Power        Failure   Level  Hunger
a - Flame Tongue          Conj/Fire      ####.        1%          1    None
b - Sticky Flame          Conj/Fire      ####....     4%          4    ####...
c - Conjure Flame         Conj/Fire      ####....     1%          3    ##.....
d - Fireball              Conj/Fire      ####......   12%         5    ######.
e - Confuse               Hex            ##......     8%          3    ##.....
f - Ensorcelled Hibernat  Hex/Ice        #.....       6%          2    #......
g - Magic Dart            Conj           ###.         1%          1    None

Your spell library contained the following spells:

 Spells                   Type           Power        Failure   Level  Hunger
 Throw Flame              Conj/Fire      ####..       1%          2    #......
 Inner Flame              Hex/Fire       ###.....     1%          3    ##.....
 Corona                   Hex            ##.....      2%          1    None
 Dazzling Spray           Conj/Hex       ##....       6%          3    ##.....
 Tukima's Dance           Hex            ##......     8%          3    ##.....


Dungeon Overview and Level Annotations

Branches:
Dungeon (10/15)            Temple (1/1) D:7            Lair (0/6) D:9
    Orc: D:9-12

Altars:
Dithmenos
Elyvilon
Gozag
Okawaru
Qazlal
Uskayaw
Vehumet
Wu Jian
Xom
The Shining One

Annotations:
D:2 2 transporters


Innate Abilities, Weirdness & Mutations

You can breathe blasts of scalding, opaque steam.
Your pale cyan-grey scales are hard. (AC +7)
You cannot fit into any form of body armour.
You are cold-blooded and may be slowed by cold attacks.
You possess an exceptional clarity of mind.
Your mind is acute. (Int +2)
You are covered in fur. (AC +1)


Message History

You hit the death yak but do no damage.
The death yak is heavily wounded.
The death yak burns!
The death yak closely misses you.
You hit the death yak.
The death yak is heavily wounded.
The death yak burns!
The death yak stops burning.
The death yak gores you!!
Casting: Sticky Flame (safe; 4% risk of failure)
Confirm with . or Enter, or press ? or * to list all spells.
Aiming: Sticky Flame (safe; 4% risk of failure)
Press: ? - help, Shift-Dir - straight line, f/p - death yak
Aim: a death yak (severely wounded)
The sticky flame hits the death yak.
The death yak is severely wounded.
The death yak is covered in liquid flames!
You are feeling very hungry.
The death yak burns!
The death yak gores you!
* * * LOW HITPOINT WARNING * * *
As you read the scroll of teleportation, it crumbles to dust.
You feel strangely unstable.
The death yak burns!
The death yak gores you!!
You die...

...........# #..# #...###)
...........# #..# #.).# #.
...........# #..# #.))# #.
.....######### #..######...# #.
...(.#.8..8.8# #...........###.
.....#8_..._.# #...............
.....#.......#####...............
[....#8.........8#...............
.#####._..._....@YY.##....######.
.#####8.........8#>.##....# #.
.....#.......#####........######.
.....#8_....§#...................
.....#.8..8§8#...................
.....############................
..........# #................
..........# #................
..........# #.....Y..........


You could see a death yak (burning) and a yak.

Vanquished Creatures
  2 death yaks (D:9)
  2 centaur zombies
  A queen bee (D:9)
  5 yaks (D:9)
  2 wyverns (D:9)
  An ice beast (D:7)
  A porcupine (D:9)
  An orc warrior (D:7)
  2 black bears
  3 ogres (D:6)
  A phantom (D:9)
  2 sky beasts (D:7)
  3 centaurs
  A crocodile (D:9)
  2 big kobolds (D:3)
  Blork the orc (D:5)
  3 bullfrogs
  A wyvern skeleton (D:8)
  A scorpion (D:4)
  15 killer bees
  18 wights
  2 bullfrog zombies
  A howler monkey (D:6)
  A crimson imp (D:6)
  2 quasits
  2 hounds
  3 jellies
  4 orc priests
  5 orc wizards
  3 centaur skeletons
  4 worker ants
  A killer bee zombie (D:7)
  A hound zombie (D:7)
  Robin (D:2)
  3 howler monkey zombies
  A worker ant zombie (D:7)
  15 gnolls
  10 adders
  A river rat (D:9)
  A shadow imp (D:7)
  An ooze (D:4)
  An adder skeleton (D:4)
  4 worms
  A dart slug (D:1)
  3 leopard geckos
  25 orcs
  9 giant cockroaches
  43 goblins
  34 hobgoblins
  14 jackals
  2 quokkas
  2 bats
  4 frilled lizards
  A jackal skeleton (D:8)
  10 kobolds
  A quokka skeleton (D:6)
  A quokka zombie (D:7)
  6 rats
291 creatures vanquished.

Vanquished Creatures (others)
  10 plants (D:9)
10 creatures vanquished.

Grand Total: 301 creatures vanquished

Notes
Turn   | Place    | Note
-------+----------+-------------------------------------------
     0 | D:1      | FrankyJ the Draconian Fire Elementalist began the quest for
                  | the Orb.
     0 | D:1      | Reached XP level 1. HP: 14/14 MP: 3/3
   185 | D:1      | Reached skill level 2 in Dodging
   272 | D:1      | Reached skill level 1 in Fighting
   272 | D:1      | Reached XP level 2. HP: 19/23 MP: 3/5
  1009 | D:2      | Found a transporter.
  1015 | D:2      | Found a transporter.
  1027 | D:2      | Noticed an ogre
  1031 | D:2      | Found a stormy altar of Qazlal.
  1122 | D:2      | Reached XP level 3. HP: 30/30 MP: 3/6
  1366 | D:2      | Noticed Robin
  1401 | D:2      | Killed Robin
  1401 | D:2      | Reached XP level 4. HP: 24/40 MP: 0/7
  1600 | D:2      | Learned a level 4 spell: Sticky Flame
  2463 | D:3      | Reached XP level 5. HP: 39/46 MP: 3/9
  3446 | D:3      | Upgraded the game from 0.23-a0-332-g9fe5f10 to
                  | 0.23-a0-333-g006994f
  3712 | D:3      | Upgraded the game from 0.23-a0-333-g006994f to
                  | 0.23-a0-339-gbd7f2c8
  3795 | D:3      | Learned a level 3 spell: Conjure Flame
  4326 | D:3      | Reached XP level 6. HP: 45/52 MP: 3/11
  5503 | D:4      | Reached skill level 5 in Spellcasting
  5693 | D:4      | Your scales start taking on a pale cyan-grey colour.
  5693 | D:4      | Reached XP level 7. HP: 28/59 MP: 0/14
  5695 | D:4      | Upgraded the game from 0.23-a0-339-gbd7f2c8 to
                  | 0.23-a0-344-ge122d05
  6013 | D:4      | Reached skill level 3 in Dodging
  6441 | D:5      | Entered Level 5 of the Dungeon
  6977 | D:5      | Noticed Blork the orc
  6991 | D:5      | Killed Blork the orc
  7085 | D:5      | Reached skill level 5 in Fire Magic
  7291 | D:6      | Learned a level 5 spell: Fireball
  7299 | D:6      | Reached XP level 8. HP: 66/66 MP: 4/15
  8306 | D:6      | Learned a level 3 spell: Confuse
  8385 | D:6      | Reached skill level 4 in Dodging
  9018 | D:6      | Reached skill level 5 in Dodging
  9018 | D:6      | Reached XP level 9. HP: 71/71 MP: 10/16
  9415 | D:7      | Reached skill level 6 in Dodging
  9587 | D:7      | You fall through a shaft for 3 floors!
  9587 | D:10     | Entered Level 10 of the Dungeon
  9808 | D:10     | Reached skill level 7 in Dodging
 10031 | D:8      | Reached skill level 8 in Dodging
 10528 | D:8      | Reached skill level 9 in Dodging
 11025 | D:7      | Reached XP level 10. HP: 69/78 MP: 9/17
 11144 | D:7      | Found a staircase to the Ecumenical Temple.
 11157 | Temple   | Entered the Ecumenical Temple
 11167 | Temple   | Became a worshipper of Vehumet
 11889 | D:9      | Noticed a death yak
 11987 | D:9      | Noticed a death yak
 11988 | D:9      | Noticed a death yak
 12024 | D:9      | Killed a death yak
 12024 | D:9      | Reached skill level 10 in Dodging
 12183 | D:9      | Killed a death yak
 12565 | D:9      | Found a shimmering altar of Xom.
 12637 | D:9      | Found an ornate altar of the Wu Jian Council.
 12637 | D:9      | Found an ornate altar of the Wu Jian Council.
 12651 | D:9      | Reached skill level 11 in Dodging
 12710 | D:9      | Gained mutation: You possess an exceptional clarity of
                  | mind. [potion of mutation]
 12710 | D:9      | Gained mutation: Your mind is acute. (Int +2) [potion of
                  | mutation]
 12710 | D:9      | Gained mutation: You are covered in fur. (AC +1) [potion of
                  | mutation]
 13095 | D:9      | Found a staircase to the Lair.
 13311 | D:9      | Found a hide-covered altar of Uskayaw.
 13311 | D:9      | Found an opulent altar of Gozag.
 13335 | D:9      | Learned a level 2 spell: Ensorcelled Hibernation
 13422 | D:9      | Reached * piety under Vehumet
 13422 | D:9      | Offered knowledge of Magic Dart by Vehumet.
 13429 | D:9      | Learned a level 1 spell: Magic Dart
 13518 | D:9      | Reached skill level 1 in Hexes
 14050 | D:9      | Found a shimmering altar of Xom.
 14050 | D:9      | Found a shadowy altar of Dithmenos.
 14050 | D:9      | Found a stormy altar of Qazlal.
 14092 | D:9      | Slain by a death yak

Vault maps used:
D:1:      minmay_arrival_doors, minmay_misc_feat_x
D:2:      gammafunk_temple_overflow_arena, uniq_robin
D:3:      minmay_goblin_kobold_castle
D:5:      first_ration, uniq_blork_the_orc
D:7:      minmay_temple_entry_nine_rooms
D:9:      doesnt_xom_only_xom, gammafunk_temple_overflow_elements,
          dpeg_lair_monsters, stair_cage_wide, nicolae_looking_at_the_future
D:10:     orc_0_dummy, grunt_tengu_nest, worms_lemuel, uniq_psyche, uniq_snorg
Temple:   compressed_dpeg_circular_temple

Skill      XL: |  1  2  3  4  5  6  7  8  9 10 |
---------------+-------------------------------+-----
Stealth        | 2 |  2.0
Dodging        | 2 3 5 9 11 | 11.8
Fighting       | 1 2 3 4 |  4.0
Spellcasting   | 3 5 |  5.0
Conjurations   | 3 |  3.0
Fire Magic     | 6 9 |  9.0
Hexes          | 1 |  1.9

Action                   |  1- 3 |  4- 6 |  7- 9 | 10-12 || total
-------------------------+-------+-------+-------+-------++-------
Melee: Unarmed           |    13 |       |       |       ||    13
       Short sword       |    38 |    65 |       |       ||   103
       Tailslap          |     1 |    16 |    18 |    21 ||    56
       Dagger            |       |    80 |   196 |   153 ||   429
Throw: Javelin           |       |     4 |       |       ||     4
 Cast: Flame Tongue      |    51 |   182 |    41 |    16 ||   290
       Conjure Flame     |       |     2 |       |       ||     2
       Sticky Flame      |       |     2 |    93 |    43 ||   138
       Fireball          |       |       |     2 |       ||     2
       Confuse           |       |       |       |     1 ||     1
 Abil: Breathe Steam     |       |       |       |     1 ||     1
  Use: Scroll            |       |     3 |     9 |     2 ||    14
       Potion            |       |       |     1 |     2 ||     3
 Stab: Sleeping          |     2 |     1 |     9 |       ||    12
  Eat: Chunk             |     2 |    14 |    29 |    10 ||    55
       Ration            |       |     2 |     2 |     2 ||     6
Armor: Skin              |    21 |    50 |   145 |    29 ||   245
Dodge: Dodged            |    52 |   140 |   295 |   188 ||   675

Table legend:
 A = Non-vault XP
 B = Vault XP
 C = Vault XP percentage of total XP
 D = Non-vault monster count
 E = Vault monster count
 F = Vault count percentage of total count
                 A         B        C        D         E       F
            +---------+---------+-------+---------+---------+-------
      Total |    7104 |    3382 |  32.3 |     201 |      90 |  30.9
            +---------+---------+-------+---------+---------+-------
        D:1 |      38 |       0 |   0.0 |      21 |       0 |   0.0
        D:2 |      79 |      61 |  43.6 |      22 |      18 |  45.0
        D:3 |      99 |     384 |  79.5 |      17 |      55 |  76.4
        D:4 |     263 |       0 |   0.0 |      19 |       0 |   0.0
        D:5 |     234 |      94 |  28.7 |      11 |       1 |   8.3
        D:6 |    1747 |       0 |   0.0 |      41 |       0 |   0.0
        D:7 |    1027 |       0 |   0.0 |      29 |       0 |   0.0
        D:8 |     797 |       0 |   0.0 |      18 |       0 |   0.0
        D:9 |    1875 |    2843 |  60.3 |      14 |      16 |  53.3
       D:10 |     945 |       0 |   0.0 |       9 |       0 |   0.0
            +---------+---------+-------+---------+---------+-------
